cohdb
Replays
Latest Replays
All Replays
Popular Replays
Top Player Replays
Match Explorer
How It Works
Community
CoH3 Stats
Reddit
Sign in to upload your games and track your stats! →
Sign in with Steam
Match 46263713
Unlisted
Match 46263713
Overview
Messages
Build Orders
End
Kradschützen Motorcycle Team
Panzergrenadier Squad
Panzergrenadier Squad
Construct Light Support Kompanie
MG34 Team
Selects Italian Infantry
Selects Italian Infantry
Selects Italian Infantry
Selects Defensive Operations
2.5-tonne Medical Truck
Fire Support Elements
Pak 38 Anti-tank Gun Team
Construct Panzerarmee Kommand
Selects Guastatori Squad
Selects L6/40 Light Tank Combat Group
L6/40 Light Tank Combat Group
Pak 38 Anti-tank Gun Team
Construct Panzerarmee Kommand
Walking Stuka Rocket Launcher
Scorps
tidi
(Luke_NPG
pupil3030
maxpime
anioki
那谁_
myroor
0
0
Comments
sign in to comment!
No comments posted yet!